Orko, chaotic male orcish Wizard ----------------- ---------................--------- -------................................------- ------..........!........Z..=.....................------ ----.................................(....................---- ---............................................?...............--- ---..................D.......................[............v.......%--- ---......................................&.............................--- |.................?...............................D......................| |........................H.....(......d...Y..~@...@......................| |..............................R...!..)...h;[..........................+.| -.. 0.............................................................- -....%...................)..........A.er.....!...................- -............=.........+[.......u..Z@..t......)......<.......- ----...+................!.............q?..*.....V...Z.....---- ------..................>...........E:Vsf!..r.....------ -------......~......Z..........)D..?;..------- ---------.!.............M--------- ----------------- Orko the Thaumaturge Experience level: 6 Strength: 17 Dexterity: 12 Constitution: 12 Intelligence: 16 Wisdom: 11 Charisma: 11 Health: 0(38) Energy: 21(38) Def: 2 Gold: 0 Moves: 1973 Dungeon seed: p-wDRM8d3P-w2Dnb Game ID: Orko_1569316140 Your Inventory: Rings C - a blessed +1 ring of gain strength (on right hand) D - an uncursed +1 ring of increase damage (on left hand) Armor h - an uncursed +0 orcish helm (being worn) n - an uncursed +0 cloak of magic resistance (being worn) Weapons a - an uncursed +1 orcish dagger (alternate weapon; not wielded) b - a blessed +1 quarterstaff q - an uncursed +0 dagger (weapon in hand) x - 5 uncursed +0 darts Wands G - an uncursed wand of cancellation (0:6) O - an uncursed wand of secret door detection (0:15) Comestibles M - an uncursed food ration N - 2 uncursed lichen corpses R - an uncursed egg U - 3 uncursed tripe rations Tools j - an uncursed skeleton key z - an uncursed towel Gems e - an uncursed worthless piece of orange glass named <( 4 7 r - an uncursed worthless piece of white glass Spells and supernatural/magical abilities: Name Level Category Fail Memory a - force bolt 1 attack 0% 91% n - detect monsters 1 divination 0% 91% P - polymorph 6 matter 100% 98% W - pray for help -- divine ? -- Your skills at the end: Fighting Skills Weapon Skills dagger [Basic] quarterstaff [Basic] Spellcasting Skills attack spells [Basic] enchantment spells [Basic] Final Attributes: You were piously aligned. You were poison resistant. You were magic-protected. You were hallucinating. You had infravision. You were invisible. You had a +1 damage bonus. You are dead. Vanquished creatures: a mountain nymph an orc shaman 2 gnome lords a gray ooze a ghoul a little dog a kobold lord 3 rothes a centipede a wererat 2 killer bees 2 acid blobs 2 hobbits a hobgoblin 4 giant rats a green mold 4 gnomes 4 geckos 2 jackals a kobold a goblin a bat 3 lichens 2 newts and a partridge in a pear tree 43 creatures vanquished. Voluntary challenges: You were an atheist. You used a wielded weapon 38 times, starting on turn 24. You read items or engraved 54 times, starting on turn 681. You never genocided any monsters. You never polymorphed an object. You never changed form. You used no wishes. You never split a pudding. You never wrote Elbereth's name. You violated your moral code, losing 10 points of alignment, starting on turn 22. You abstained from Elbereth's help. You werepermanently hallucinating. Dungeon overview: The Dungeons of Doom: levels 1 to 10 Level 1 a long staircase Level 2 Level 3 a fountain Level 4 a fountain Level 5 a fountain Level 6 Level 7 an altar to Ptah Level 8 many fountains Level 9 Level 10 <- You were here History has recorded: On T:1 you entered the Dungeons of Doom to retrieve the Amulet of Yendor! On T:85 you reached level 2 of The Dungeons of Doom. On T:108 you reached level 3 of The Dungeons of Doom. On T:223 you reached level 4 of The Dungeons of Doom. On T:420 you advanced to experience level 2. On T:537 you reached level 5 of The Dungeons of Doom. On T:544 you advanced to experience level 3. On T:651 you reached level 6 of The Dungeons of Doom. On T:670 you reached level 7 of The Dungeons of Doom. On T:725 you reached level 8 of The Dungeons of Doom. On T:1006 you advanced to experience level 4. On T:1107 you reached level 9 of The Dungeons of Doom. On T:1149 you advanced to experience level 5. On T:1948 you reached level 10 of The Dungeons of Doom. On T:1968 you advanced to experience level 6. Score breakdown: Gold: 0 ( 0 points) Experience: 6 levels (12456 points) Exploration: 10 levels ( 20.83%) (13127 points) Discoveries: 5 items ( 1.81%) ( 4037 points) Valuables value: (no points given unless you survive) Artifact value: 0 ( 0 points) Variety of kills: 24 monsters ( 6.30%) ( 7529 points) Turncount: 1973 turns ( 0 points) Survival: died (score multiplied by 80%) Total score: 29719 Latest messages: You hit it. The giant beetle stings! The hill giant coughs! You kill the acid blob! The raven coughs! (2x) The Ancient Multi-Hued Dragon coughs! The Mordor orc coughs! The kobold lord coughs! The master lichen coughs! The large mimic coughs! The basilisk coughs! The giant bat coughs! The long worm coughs! The orc zombie coughs! The wood golem coughs! The wererat coughs! The titanothere coughs! The Archon coughs! The Olog-hai coughs! You miss it. The dwarf bumps right into you! The stone golem bumps right into you! The baby yellow dragon stings! The water nymph stings! You die... Final status: Goodbye Orko the Wizard, killed by a hallucinogen-distorted killer bee... You died in The Dungeons of Doom on dungeon level 10 with 29719 points, and 0 pieces of gold, after 1973 moves. You were level 6 with a maximum of 38 hit points when you died.